 Dungeon Crawl Stone Soup version 0.28-a0-850-g09de17f5b5 (webtiles) character file.

Game seed: 10107448030698774223

333 marklar909 the Skirmisher (level 6, -3/51 HPs)
             Began as a Palentonga Fighter on Nov 13, 2021.
             Slain by Menkaure (19 damage)
             ... on level 4 of the Dungeon.
             The game lasted 00:04:19 (3470 turns).

marklar909 the Skirmisher (Palentonga Fighter)      Turns: 3470, Time: 00:04:20

Health: -3/51      AC:  8    Str: 21    XL:     6   Next: 27%
Magic:  6/6        EV:  8    Int:  8    God:
Gold:   104        SH:  9    Dex: 10    Spells: 5/5 levels left

rFire   . . .      SeeInvis +   a - +0 flail
rCold   . . .      Faith    .   c - +0 buckler
rNeg    . . .      Spirit   .   b - +0 scale mail
rPois   .          Reflect  +   (no helmet)
rElec   .          Harm     .   r - +0 cloak
rCorr   .          Rampage  .   (no gloves)
Will    +....                   (no barding)
Stlth   ..........              q - amulet of reflection
HPRegen 0.17/turn               d - ring of willpower
MPRegen 0.10/turn               (no ring)

@: no status effects
A: large, rugged brown scales 3, see invisible, deformed body, roll 1, armoured
tail
a: Rolling Charge


You were on level 4 of the Dungeon.
You visited 1 branch of the dungeon, and saw 4 of its levels.

You collected 104 gold pieces.

Inventory:

Hand Weapons
 a - a +0 flail (weapon)
Armour
 b - a +0 scale mail (worn)
 c - a +0 buckler (worn)
 r - a +0 cloak (worn)
Jewellery
 d - a ring of willpower (left hand)
 q - an amulet of reflection (around neck)
Scrolls
 e - 4 scrolls of identify
 f - 2 scrolls of teleportation
 h - a scroll of enchant weapon {unknown}
 j - a scroll of enchant armour {unknown}
 k - a scroll of immolation
 m - a scroll of blinking {unknown}
 n - a scroll of magic mapping {unknown}
 o - a scroll of noise {unknown}
Potions
 g - 2 potions of magic
 i - a potion of lignification
 l - a potion of heal wounds {unknown}
 p - 2 potions of haste {unknown}


   Skills:
 + Level 4.1 Fighting
 + Level 4.0 Maces & Flails
 + Level 3.4 Armour
 + Level 1.3 Dodging
 + Level 0.3 Stealth
 + Level 3.1 Shields


You had 5 spell levels left.
You didn't know any spells.
Your spell library contained the following spells:

 Spells                   Type           Power      Damage    Failure   Level
 Beastly Appendage        Tmut           0%         N/A       75%         1
 Wereblood                Tmut           0%         N/A       87%         2
 Spider Form              Tmut/Pois      0%         N/A       98%         3


Dungeon Overview and Level Annotations

Branches:
Dungeon (4/15)             Temple (0/1) D:4

Altars:
Makhleb

Annotations:
D:4 Menkaure


Innate Abilities, Weirdness & Mutations

You are completely covered in rugged brown scales. (AC +3, +7% HP)
You have supernaturally acute eyesight. (SInv)
Armour fits poorly on your strangely shaped body.
You can roll at nearby foes to attack.
You have a long armoured tail.


Message History

Unknown command.
Unknown command.
Unknown command.
Unknown command.
Unknown command.
Unknown command.
Okay, then.
Okay, then.
You hit Menkaure. You tail-slap Menkaure.
Menkaure is moderately damaged.
You block Menkaure's attack.
You barely miss Menkaure.
Menkaure is moderately damaged.
You block Menkaure's attack.
You hit Menkaure.
Menkaure is heavily damaged.
You block Menkaure's attack.
You hit Menkaure but do no damage.
Menkaure is heavily damaged.
Menkaure closely misses you.
You hit Menkaure but do no damage.
Your tail-slap misses Menkaure.
Menkaure is heavily damaged.
You block Menkaure's attack.
You barely miss Menkaure. You tail-slap Menkaure.
Menkaure is heavily damaged.
Menkaure grins.
Menkaure calls on the powers of darkness!
Your body is wracked with pain!
You hit Menkaure.
Menkaure is heavily damaged.
Menkaure gestures wildly while chanting.
Menkaure seems to speed up.
You hit Menkaure.
You tail-slap Menkaure, but do no damage.
Menkaure is severely damaged.
You block Menkaure's attack.
You hit Menkaure.
Menkaure is severely damaged.
Menkaure hits you!!
You die...

###### #######.# #....# .<.....#
#.##.########......#
#.#..#.....#.......#
#.#.##.._..##......#
#.#..##...###......######
#.#........##..M...#.....
#.#...#..#.##...@.....####
#.#......#.######........#
..#...#.##.# ###.....##.###
###.#.#.##.# #.......##...##
......#....# #.#.....##^...####
###.###########.#.....##..#....##
# #.............#######...#......
################### ##..#.#.#..##
..................###....###....#


You could see Menkaure (fast).

Vanquished Creatures
  A necrophage (D:4)
  A black bear (D:4)
  Natasha (D:4)
  A howler monkey skeleton (D:3)
  6 adders
  An ufetubus (D:4)
  4 worms
  2 dart slugs
  4 bats
  8 endoplasms
  5 giant cockroaches
  4 hobgoblins
  2 jackals (D:1)
  2 quokkas
  A ball python (D:2)
  4 frilled lizards
  2 goblins (D:2)
  3 kobolds
  3 rats
  A spectral hobgoblin (D:3)
56 creatures vanquished.

Notes
Turn   | Place    | Note
-------+----------+-------------------------------------------
     0 | D:1      | marklar909 the Palentonga Fighter began the quest for the
                  | Orb.
     0 | D:1      | Reached XP level 1. HP: 19/19 MP: 1/1
   220 | D:1      | Reached XP level 2. HP: 25/25 MP: 2/2
   826 | D:2      | Reached XP level 3. HP: 27/31 MP: 3/3
  1319 | D:2      | Reached XP level 4. HP: 29/37 MP: 4/4
  1691 | D:3      | Reached skill level 1 in Dodging
  1706 | D:3      | Found a faded altar of an unknown god.
  2530 | D:4      | Found a staircase to the Ecumenical Temple.
  2530 | D:4      | Noticed Natasha
  2530 | D:4      | Noticed a black bear
  2753 | D:4      | Killed a black bear
  2754 | D:4      | Reached XP level 5. HP: 22/44 MP: 5/5
  2788 | D:4      | Killed Natasha
  3066 | D:4      | Found a burning altar of Makhleb.
  3213 | D:4      | Noticed a necrophage
  3221 | D:4      | Killed a necrophage
  3222 | D:4      | Reached XP level 6. HP: 48/51 MP: 6/6
  3458 | D:4      | Noticed Menkaure
  3470 | D:4      | Slain by Menkaure

Illustrated notes

Levels and vault maps discovered:
D:1:      mainiacjoe_arrival_reflecting_pool, layout_rooms
D:2:      layout_rooms, grunt_ministairs_4
D:3:      layout_loops_ring, dreamdust_ecumenical_altar_drowned_temple
D:4:      layout_basic, mainiacjoe_overflow_alcove_1,
          minmay_temple_entry_arrows, kennysheep_dice, uniq_menkaure,
          uniq_natasha

Skill      XL: |  1  2  3  4  5 |
---------------+----------------+-----
Dodging        | 1 |  1.3
Maces & Flails | 3 4 |  4.0
Armour         | 3 |  3.4
Fighting       | 4 |  4.1
Shields        | 3 |  3.1
Stealth        | |  0.3

Action                   |  1- 3 |  4- 6 || total
-------------------------+-------+-------++-------
Melee: Flail             |    99 |   122 ||   221
       Tailslap          |     9 |    17 ||    26
  Use: Scroll            |       |     5 ||     5
       Potion            |       |     1 ||     1
Armor: Scale mail        |    58 |    69 ||   127
Dodge: Dodged            |    37 |    52 ||    89
Block: Buckler           |    26 |    22 ||    48

Table legend: (Time is in decaauts)
 A = Elapsed time spent in this place.
 B = Non-inter-level travel time spent in this place.
 C = Inter-level travel time spent in this place.
 D = Time resting spent in this place.
 E = Time spent auto-exploring this place.
 F = Levels seen in this place.
 G = Mean time per level.
                   A        B        C        D        E       F      G
               +--------+--------+--------+--------+--------+-----+--------+
         Total |   3541 |   3353 |    188 |    248 |   2593 |   4 |  885.2 |
       Dungeon |   3541 |   3353 |    188 |    248 |   2593 |   4 |  885.2 |
               +--------+--------+--------+--------+--------+-----+--------+

Top non-repeatable levels by time:
     D:4: 1032 daAuts
     D:3: 911 daAuts
     D:1: 836 daAuts
     D:2: 761 daAuts
